cohdb
Replays
Latest Replays
All Replays
Popular Replays
Top Player Replays
Match Explorer
How It Works
Community
CoH3 Stats
Reddit
Sign in to upload your games and track your stats! →
Sign in with Steam
Match 41235655
Unlisted
Match 41235655
Overview
Messages
Build Orders
End
Construct Infanterie Kompanie
Selects Terror Battlegroup
Pioneer Squad
Grenadier Squad
Grenadier Squad
GrW 34 Mortar Team
Construct Luftwaffe Kompanie
221 Scout Car
Selects Interrogate
Jäger Squad
Selects Heavy Gunnery
221 Scout Car
Flak 30 Anti-aircraft Gun Team
Jäger Squad
Luftwaffe Officer Quarters
221 Scout Car
Support Elements
Selects Defend the Fatherland
Wirbelwind Flakpanzer
Marder III M Tank Destroyer
MG 42 Machine Gun Team
MG 42 Machine Gun Team
Pioneer Squad
MG 42 Machine Gun Team
Jäger Squad
Flak 30 Anti-aircraft Gun Team
221 Scout Car
Selects King Tiger Heavy Tank
King Tiger Heavy Tank
TwistedTootsy
Mr.Faraam
spinn72
Clavis
Pinhead Larry
Illusive Man
MathiasCZR01
Not Emily Willis™
0
0
Comments
sign in to comment!
No comments posted yet!